 Dungeon Crawl Stone Soup version 0.29.1-12-g30fa7ad0bf (webtiles) character file.

Game seed: 13144231498232978402

1554 Ntrails the Fighter (level 8, -7/154 HPs)
             Began as a Barachi Artificer on Dec 12, 2022.
             Was a Follower of Cheibriados.
             Mangled by Menkaure (8 damage)
             ... on level 5 of the Dungeon.
             The game lasted 00:24:04 (6837 turns).

Ntrails the Fighter (Barachi Artificer)             Turns: 6837, Time: 00:24:05

Health: -7/154     AC: 28    Str: 16    XL:     8   Next: 88%
Magic:  11/11      EV:  2    Int: 18    God:    Cheibriados [*.....]
Gold:   153        SH:  0    Dex: 15    Spells: 7/7 levels left

rFire   . . .      SeeInvis .   t - +2 dagger (drain)
rCold   . . .      Faith    .   r - orb {*Rage}
rNeg    . . .      Spirit   .   (body armour currently unavailable)
rPois   +          Reflect  .   (helmet currently unavailable)
rElec   .          Harm     .   (cloak currently unavailable)
rCorr   .          Rampage  .   (gloves currently unavailable)
Will    .....      Rage     20% (boots currently unavailable)
Stlth   .......... NoTele   +   (no amulet)
HPRegen 0.35/turn               O - +4 ring of protection
MPRegen 0.12/turn               (no ring)

@: berserking, tree-form, unable to hop, very slow
A: stationary, stasis, torment immunity, boosted hp, (amphibious), (slowness 1),
(strong legs 1), +LOS
a: Renounce Religion, Bend Time


You were on level 5 of the Dungeon.
You worshipped Cheibriados.
Cheibriados was aware of your devotion.
You were a tree.
You visited 2 branches of the dungeon, and saw 6 of its levels.

You collected 153 gold pieces.


Innate Abilities, Weirdness & Mutations

You are a tree.
Your roots penetrate the ground, keeping you stationary.
You cannot be teleported.
You are immune to unholy pain and torment.
Your maximum health is greatly increased.
Your equipment is partially melded.
((You are amphibious.))
((You cover ground slowly.))
((You can hop short distances.))
You have an extended range of vision and can be seen from far away.


   Skills:
 + Level 8.4 Fighting
 + Level 4.9 Short Blades
 + Level 4.3 Armour
 + Level 3.4 Dodging
 - Level 1.0 Stealth
 + Level 4.0 Invocations
 - Level 4.0 Evocations


You had 7 spell levels left.
You didn't know any spells.
Your spell library contained the following spells:

 Spells                   Type           Power      Damage    Failure   Level
 Ozocubu's Armour         Ice            0%         N/A       54%         3
 Ozocubu's Refrigeration  Ice            0%         4d7       100%        7

Inventory:

Hand Weapons
 t - a +2 dagger of draining (weapon)
   (You took it off a kobold on level 1 of the Dungeon)
 z - a +0 dagger of electrocution
   (You found it on level 4 of the Dungeon)
 A - a +1 dagger of venom
   (You took it off a goblin on level 4 of the Dungeon)
Missiles
 n - 17 stones (quivered)
Armour
 b - a +0 leather armour (melded)
 g - a +0 ring mail
   (You found it on level 1 of the Dungeon)
 i - a +0 pair of gloves (melded)
   (You found it on level 1 of the Dungeon)
 j - a +0 ring mail
   (You found it on level 3 of the Dungeon)
 k - a +0 robe
   (You found it on level 1 of the Dungeon)
 o - a +1 hat (melded)
   (You found it on level 4 of the Dungeon)
 p - a +0 robe
   (You found it on level 1 of the Dungeon)
 r - an orb of wrath (worn)
   (You found it on level 1 of the Dungeon)
 x - a +0 ring mail
   (You found it on level 2 of the Dungeon)
 y - a +0 ring mail
   (You found it on level 3 of the Dungeon)
 C - a +0 ring mail
   (You found it on level 4 of the Dungeon)
 E - a +0 robe
   (You found it on level 4 of the Dungeon)
 H - a +0 robe
   (You took it off a wight on level 4 of the Dungeon)
 I - a +0 robe
   (You took it off a wight on level 4 of the Dungeon)
 J - a +0 animal skin
   (You found it on level 5 of the Dungeon)
 K - a +0 cloak (melded)
   (You found it on level 5 of the Dungeon)
 N - a +0 ring mail
   (You found it on level 5 of the Dungeon)
 P - a +0 robe
   (You took it off Dowan on level 5 of the Dungeon)
 S - a +0 leather armour
   (You took it off Duvessa on level 5 of the Dungeon)
 T - a +0 leather armour
   (You found it on level 5 of the Dungeon)
 U - a +0 robe
   (You took it off Pikel on level 5 of the Dungeon)
Jewellery
 O - a +4 ring of protection (left branch)
   (You found it on level 1 of the Dungeon)
Wands
 c - a wand of flame (11)
 d - a wand of charming (22)
 e - a wand of iceblast (3)
 Q - a wand of polymorph (5)
   (You took it off Dowan on level 5 of the Dungeon)
Scrolls
 a - 2 scrolls of amnesia {unknown}
 q - a scroll of teleportation {@r4}
 D - 2 scrolls of immolation {unknown}
 G - 2 scrolls of enchant armour {unknown}
 L - 2 scrolls of poison {unknown}
Potions
 f - a potion of resistance {unknown}
 h - 2 potions of haste {forbidden@q3}
 l - 2 potions of lignification {!q}
 m - a potion of curing {@q1}
 s - 3 potions of brilliance
 u - 3 potions of mutation {!q}
 v - a potion of heal wounds {unknown}
 w - a potion of invisibility {unknown}
 B - a potion of magic {unknown}
 F - a potion of ambrosia {unknown}
 M - a potion of berserk rage {unknown}
 R - a potion of flight {unknown}
 V - a potion of attraction {unknown}

Dungeon Overview and Level Annotations

Branches:
Dungeon (5/15) Zot: 34549  Temple (1/1) D:4 Zot: 8977

Altars:
Ashenzari
Cheibriados
Dithmenos
Elyvilon
Fedhas
Gozag
Hepliaklqana
Kikubaaqudgha
Makhleb
Okawaru
Qazlal
Ru
Sif Muna
Trog
Uskayaw
Vehumet
Xom
Yredelemnul
Zin
The Shining One

Shops:
D:4 (

Annotations:
D:5 Menkaure

##....####........##...###.......
......####...........### ##..###.
######.#.......#....## #.##
#.......##...##.# ##.# ##
##......#...###.#####..####.
#.........#####.#..........
##.......####....#####.....
##......#..#...##.# ##.....
##..##..####♣.# #.# ##......
#..####.# ##M# #.###...#... #..#
#.# #.# #.##..###... ##.## #.###
#.# #....## #... #..# #...###.#
###.## #.... #######.###.....###
###.....## #...###..#..#####
##....# ...........##### #.#..#
#..............# ##....#


You could see Menkaure (fast).


Message History

The ufetubus hits you but does no damage.
The ufetubus misses you.
You miss the ufetubus. The ufetubus misses you. The ufetubus barely misses you.
The ufetubus completely misses you. The ufetubus barely misses you.
You hit the ufetubus.
You kill the ufetubus!
Cheibriados thoroughly appreciates the change of pace. 😮 HP[+1]
You start resting.
You feel yourself speed up. 😮 HP[+4]
You regained 4 hp, and now have 39/69 hp.
You start resting.
You recover from your berserk rage. 😮 HP[+2]
You regained 2 hp, and now have 41/69 hp.
You start resting. 😎 HP[+28]
Your hp is fully restored (69).
You start waiting.
Done waiting.
U - a +0 robe You see here a +1 whip of flaming.
d - a wand of charming (22) (gained 7 charges)
V - a fizzy inky potion
Okay, then.
There is a stone staircase leading down here.
You pick up Ozocubu's Autobiography and begin reading...
You add the spells Ozocubu's Armour and Ozocubu's Refrigeration to your library.
You see here a +0 cloak.
u - 3 potions of mutation {!q} (gained 1) Menkaure, Prince of Dust comes into view.
Unknown command.
Menkaure shouts!
Menkaure closely misses you.
Menkaure calls on the powers of darkness!
Your body is wracked with pain! 😮 HP[-33]
You take 33 damage, and now have 36/69 hp.
MASSIVE DAMAGE!! (PAUSE)
You are too injured to fight recklessly!
Unknown command.
You are too injured to fight recklessly!
You hit Menkaure. You hit Menkaure. Menkaure misses you.
You hit Menkaure but do no damage.
Menkaure mumbles some strange words.
Menkaure seems to speed up.
You closely miss Menkaure.
Menkaure calls on the powers of darkness!
Your body is wracked with pain!
* * * LOW HITPOINT WARNING * * *
😨 HP[-17]
You take 17 damage, and now have 19/69 hp.
MASSIVE DAMAGE!! (PAUSE)
You hit Menkaure. Menkaure hits you!
* * * LOW HITPOINT WARNING * * *
😱 HP[-9]
You take 9 damage, and now have 10/69 hp.
Unknown command.
Okay, then.
Hop to where?
Press: ? - help, Dir - move target Boing!
Really quaff
l - 3 potions of lignification {!q}?
Really quaff the potion of lignification?
Okay, then.
Really quaff
l - 3 potions of lignification {!q}?
Really quaff the potion of lignification?
You turn into a tree.
Your +0 cloak melds into your body.
Your +1 hat melds into your body.
Your +0 pair of gloves melds into your body.
Your +0 leather armour melds into your body.
Your roots penetrate the ground.
Menkaure whispers, "It doesn't hurt if you pull your brain out of your nose yourself." 😱 HP[+5]
You now have 103 max hp (+34).
You regained 5 hp, and now have 15/103 hp.
It was a potion of curing.
You feel better.
Menkaure hits you but does no damage. 😱 HP[+9]
You regained 9 hp, and now have 24/103 hp.
You hit Menkaure but do no damage. Menkaure hits you!
* * * LOW HITPOINT WARNING * * *
😱 HP[-9]
You take 9 damage, and now have 15/103 hp.
You hit Menkaure but do no damage. Menkaure hits you but does no damage.
A red film seems to cover your vision as you go berserk!
Cheibriados protects you from inadvertent hurry.
You feel mighty!
You barely miss Menkaure. Menkaure hits you!
* * * LOW HITPOINT WARNING * * *
You now have 154 max hp (+51).
Unknown command.
You barely miss Menkaure. Menkaure hits you!
* * * LOW HITPOINT WARNING * * *
😱 HP[-14]
You take 14 damage, and now have 1/154 hp.
Unknown command.
You puncture Menkaure! Menkaure hits you!
You die...

Skill      XL: |  1  2  3  4  5  6  7  8 |
---------------+-------------------------+-----
Stealth        | 1 |  1.0
Fighting       | 2 4 5 6 7 8 |  8.4
Armour         | 3 4 |  4.3
Dodging        | 2 3 |  3.4
Evocations     | 4 |  4.0
Short Blades   | 2 3 4 |  4.9
Invocations    | 3 4 |  4.0

Action                   |  1- 3 |  4- 6 |  7- 9 || total
-------------------------+-------+-------+-------++-------
Melee: Club              |    10 |       |       ||    10
       Dagger            |    74 |   184 |   176 ||   434
       Punch             |     1 |       |       ||     1
       Unarmed           |       |       |     4 ||     4
Throw: Stone             |    16 |       |       ||    16
Invok: Bend Time         |       |       |     2 ||     2
 Abil: Hop               |     1 |     1 |     1 ||     3
Evoke: Wand              |     3 |       |     3 ||     6
  Use: Scroll            |     4 |     3 |       ||     7
       Potion            |       |       |     2 ||     2
 Stab: Sleeping          |       |     2 |       ||     2
       Confused          |       |       |     1 ||     1
Armor: Leather armour    |    58 |    65 |    52 ||   175
       Skin              |       |       |     3 ||     3
Dodge: Dodged            |    64 |   103 |    94 ||   261

Levels and vault maps discovered:
D:1:      dpeg_arrival_simpleton_a, layout_basic,
          hellmonk_ecumenical_altar_run_dry, chequers_decorated_corner
D:2:      wander_river, layout_rooms, minmay_crystal_water
D:3:      layout_loops_cross, mainiacjoe_overflow_cross_hatched,
          mainiacjoe_overflow_alcove_2
D:4:      minmay_diamond_boxcup, layout_basic, lemuel_round_altar,
          lemuel_mausoleum_altar_yredelemnul, minmay_temple_entry_large_hall,
          serial_shops, kennysheep_mini_moat, chequers_serial_rivers_micro_a
D:5:      layout_layer_cave, bloody_trog, kennysheep_generic_room_14,
          uniq_pikel, uniq_menkaure, uniq_duvessa
Temple:   nicolae_temple_no_exploring_needed

Notes
Turn   | Place    | Note
-------+----------+-------------------------------------------
     0 | D:1      | Ntrails the Barachi Artificer began the quest for the Orb.
     0 | D:1      | Reached XP level 1. HP: 15/15 MP: 1/1
     0 | D:1      | magus.rc [v1.11.3]
   171 | D:1      | Found a faded altar of an unknown god.
   173 | D:1      | HP: 1/15 [frozen (3)]
   175 | D:1      | Reached skill level 1 in Stealth
   652 | D:1      | Reached XP level 2. HP: 21/21 MP: 2/2
  1188 | D:1      | Reached skill level 2 in Fighting
  1313 | D:2      | Reached skill level 3 in Armour
  1313 | D:2      | Reached skill level 2 in Dodging
  1313 | D:2      | Reached XP level 3. HP: 27/27 MP: 3/3
  1488 | D:2      | Reached skill level 4 in Evocations
  1841 | D:3      | Found a shimmering altar of Xom.
  1889 | D:2      | Reached XP level 4. HP: 11/34 MP: 4/4
  1897 | D:2      | Reached skill level 3 in Fighting
  2393 | D:3      | Found a radiant altar of Vehumet.
  2792 | D:3      | Reached skill level 4 in Fighting
  2969 | D:3      | Reached XP level 5. HP: 42/42 MP: 5/5
  3153 | D:4      | Found a staircase to the Ecumenical Temple.
  3206 | D:4      | Reached skill level 1 in Short Blades
  3340 | D:3      | Reached skill level 2 in Short Blades
  3343 | D:3      | Reached skill level 5 in Fighting
  3500 | Temple   | Entered the Ecumenical Temple
  3507 | Temple   | Became a worshipper of Cheibriados the Contemplative
  3798 | D:4      | Reached XP level 6. HP: 51/51 MP: 6/6
  3846 | D:4      | Found Saczafin's Weapon Emporium.
  3936 | D:4      | Reached skill level 3 in Short Blades
  3991 | D:4      | Reached * piety under Cheibriados
  4114 | D:4      | HP: 12/52 [worm (4)]
  4673 | D:4      | Reached skill level 6 in Fighting
  4673 | D:4      | Reached XP level 7. HP: 41/58 MP: 7/7
  4906 | D:4      | Found a broken altar of Ashenzari.
  4983 | D:4      | Reached skill level 4 in Short Blades
  4983 | D:4      | Reached skill level 1 in Invocations
  5255 | D:4      | Reached skill level 2 in Invocations
  5307 | D:4      | Reached skill level 7 in Fighting
  5381 | D:4      | Found a basalt altar of Yredelemnul.
  5576 | D:4      | Reached skill level 3 in Invocations
  5576 | D:4      | Reached XP level 8. HP: 67/67 MP: 10/10
  5693 | D:5      | Entered Level 5 of the Dungeon
  5764 | D:5      | Found a bloodstained altar of Trog.
  5995 | D:5      | Noticed Dowan
  6015 | D:5      | Killed Dowan
  6104 | D:5      | Noticed Duvessa
  6110 | D:5      | Killed Duvessa
  6256 | D:5      | Noticed Pikel
  6280 | D:5      | Killed Pikel
  6281 | D:5      | Reached skill level 8 in Fighting
  6281 | D:5      | Reached skill level 4 in Armour
  6281 | D:5      | Reached skill level 3 in Dodging
  6281 | D:5      | Reached skill level 4 in Invocations
  6634 | D:5      | You add the spells Ozocubu's Armour and Ozocubu's
                  | Refrigeration to your library.
  6822 | D:5      | Noticed Menkaure
  6829 | D:5      | HP: 10/69 [Menkaure (10)]
  6835 | D:5      | HP: 15/154 [Menkaure (8)]
  6836 | D:5      | HP: 1/154 [Menkaure (14)]
  6837 | D:5      | Mangled by Menkaure

Vanquished Creatures
  Pikel (D:5)
  Duvessa (D:5)
  An ogre (D:4)
  A bullfrog (D:4)
  2 necrophages (D:4)
  A water moccasin zombie (D:4)
  2 wights (D:4)
  Dowan (D:5)
  A bullfrog zombie (D:4)
  A centaur zombie (D:4)
  A human zombie (D:4)
  2 hounds
  A jelly (D:4)
  2 iguanas (D:4)
  3 scorpion zombies (D:4)
  A hound zombie (D:4)
  3 gnolls (D:4)
  8 adders
  A white imp (D:5)
  An ufetubus (D:5)
  3 worms
  2 dart slugs
  9 orcs (D:3)
  7 bats
  7 endoplasms
  3 giant cockroaches
  6 goblins
  12 hobgoblins
  6 jackals
  A quokka (D:5)
  5 ball pythons
  2 frilled lizards
  6 kobolds
  4 rats
108 creatures vanquished.

Vanquished Creatures (others)
  13 fungi (D:3)
13 creatures vanquished.

Grand Total: 121 creatures vanquished

Table legend:
 A = Non-vault XP
 B = Vault XP
 C = Vault XP percentage of total XP
 D = Non-vault monster count
 E = Vault monster count
 F = Vault count percentage of total count
                 A         B        C        D         E       F
            +---------+---------+-------+---------+---------+-------
      Total |     674 |    1547 |  69.7 |      87 |      21 |  19.4
            +---------+---------+-------+---------+---------+-------
        D:1 |      32 |       0 |   0.0 |      13 |       0 |   0.0
        D:2 |      77 |       0 |   0.0 |      22 |       0 |   0.0
        D:3 |     100 |       0 |   0.0 |      30 |       0 |   0.0
        D:4 |     400 |     713 |  64.1 |      17 |      18 |  51.4
        D:5 |      65 |     834 |  92.8 |       5 |       3 |  37.5
            +---------+---------+-------+---------+---------+-------

Illustrated notes

Table legend:
 A = Kills in this place as a percentage of kills in entire the game.
 B = Kills by you in this place as a percentage of kills by you in the entire game.
 C = Kills by friends in this place as a percentage of kills by friends in the entire game.
 D = Other kills in this place as a percentage of other kills in the entire game.
 E = Experience gained in this place as a percentage of experience gained in the entire game.
 F = Experience gained in this place divided by the number of levels of this place that you have seen.
                   A       B       C       D       E      F
               +-------+-------+-------+-------+-------+----------------------
         Total | 100.0 | 100.0 |   N/A |   N/A | 100.0 | 370.2
       Dungeon | 100.0 | 100.0 |   N/A |   N/A | 100.0 | 444.2
               +-------+-------+-------+-------+-------+----------------------

Table legend: (Time is in decaauts)
 A = Elapsed time spent in this place.
 B = Non-inter-level travel time spent in this place.
 C = Inter-level travel time spent in this place.
 D = Time resting spent in this place.
 E = Time spent auto-exploring this place.
 F = Levels seen in this place.
 G = Mean time per level.
                   A        B        C        D        E       F      G
               +--------+--------+--------+--------+--------+-----+--------+
         Total |   8437 |   8073 |    364 |   2845 |   3659 |   6 | 1406.2 |
       Dungeon |   8418 |   8070 |    348 |   2845 |   3659 |   5 | 1683.6 |
        Temple |     18 |      3 |     15 |      0 |      0 |   1 |   18.0 |
               +--------+--------+--------+--------+--------+-----+--------+

Top non-repeatable levels by time:
     D:4: 2841 daAuts
     D:5: 1596 daAuts
     D:3: 1443 daAuts
     D:1: 1407 daAuts
     D:2: 1131 daAuts
  Temple: 18 daAuts
